cohdb
Replays
Latest Replays
All Replays
Popular Replays
Top Player Replays
Match Explorer
How It Works
Community
CoH3 Stats
Reddit
Sign in to upload your games and track your stats! →
Sign in with Steam
Match 43724531
Unlisted
Match 43724531
Overview
Messages
Build Orders
End
Pioneer Squad
Selects Terror Battlegroup
Construct Infanterie Kompanie
Grenadier Squad
Grenadier Squad
Grenadier Squad
Construct Panzergrenadier Kompanie
Selects Interrogate
251 Medium Carrier
Pak 40 Anti-tank Gun Team
Pak 40 Anti-tank Gun Team
Selects Jericho Trumpet
Jericho Trumpet
251 Medium Carrier
Grenadier Squad
Selects V1 Rocket Strike
251 Medium Carrier
Grenadier Squad
Selects Heavy Gunnery
Infanterie Officer Quarters
Jericho Trumpet
Grenadier Squad
Selects Defend the Fatherland
Grenadier Squad
Defend the Fatherland
Support Elements
指向正义的左指
Anilasabyss
pagep
7k this year for sure
0
0
Comments
sign in to comment!
No comments posted yet!